 Dungeon Crawl Stone Soup version 0.25-a0-731-g0472a16d6a (webtiles) character file.

Game seed: 16904571507032008838, levelgen mode: deterministic

215 kae the Insei (level 5, 0/40 HPs)
             Began as a Draconian Transmuter on Apr 8, 2020.
             Slain by an orc warrior
             ... wielding a +0 short sword
              (5 damage)
             ... on level 3 of the Dungeon.
             The game lasted 00:02:22 (3152 turns).

kae the Insei (Draconian Transmuter)                Turns: 3152, Time: 00:02:23

Health: 0/40       AC:  5    Str: 15    XL:     5   Next: 60%
Magic:  7/9        EV: 12    Int: 14    God:
Gold:   107        SH:  0    Dex: 12    Spells: 4/10 levels left

rFire    . . .     SeeInvis .     - Unarmed
rCold    . . .     Gourm    .   (no shield)
rNeg     . . .     Faith    .   (armour unavailable)
rPois    .         Spirit   .   (helmet restricted)
rElec    .         Reflect  .   (no cloak)
rCorr    .         Harm     .   (no gloves)
MR       .....                  (no boots)
Stlth    +.........             (no amulet)
HPRegen  0.13/turn              j - +3 ring of strength
MPRegen  0.11/turn              (no ring)

@: lethally poisoned (0 -> -1)
A: unfitting armour, cold-blooded, AC +5
a: no special abilities


You were on level 3 of the Dungeon.
You were not hungry.

You visited 1 branch of the dungeon, and saw 3 of its levels.

You collected 107 gold pieces.

Inventory:

Missiles
 a - 33 arrows
Jewellery
 j - a +3 ring of strength (left hand)
Scrolls
 e - 2 scrolls of enchant weapon
 g - a scroll of teleportation {unknown}
 h - a scroll of magic mapping {unknown}
 k - a scroll of immolation {unknown}
Potions
 b - 2 potions of degeneration
Comestibles
 c - 3 rations


   Skills:
 - Level 1.1 Fighting
 - Level 1.7 Dodging
 * Level 4.9 Unarmed Combat
 + Level 3.1 Spellcasting
 + Level 3.4 Transmutations


You had 4 spell levels left.
You knew the following spells:

 Your Spells              Type           Power        Failure   Level  Hunger
a - Beastly Appendage     Tmut           ##....       5%          1    #......
b - Sticks to Snakes      Tmut           ##......     8%          2    ##.....
c - Spider Form           Tmut/Pois      #.........   30%         3    ###....

Your spell library contained the following spells:

 Spells                   Type           Power        Failure   Level  Hunger
 Ice Form                 Ice/Tmut       #.......     71%         4    #####..
 Blade Hands              Tmut           ##........   82%         5    ######.


Dungeon Overview and Level Annotations

Branches:
Dungeon (3/15)

Altars:


Innate Abilities, Weirdness & Mutations

Your plain brown scales are hard. (AC +5)
You cannot fit into any form of body armour.
You are cold-blooded and may be slowed by cold attacks.


Message History

You hit the kobold.
You kill the kobold!
An orc priest comes into view. It is wielding a +0 whip.
The kobold hits you with a +0 short sword!
Your transformation is almost over.
You feel sick. The goblin completely misses you.
Things that are here:
a +0 dagger; a poisoned dart The kobold hits you with a +0 short sword.
The goblin hits you but does no damage. The kobold misses you.
You feel sick.
An orc comes into view. It is wielding a +0 dagger.
The goblin closely misses you.
The orc warrior hits you with a +0 short sword!
* * * LOW HITPOINT WARNING * * *
You feel sick.
The orc priest looks encouraged for a moment.
Your transformation has ended.
The orc warrior hits you with a +0 short sword.
You die...

....(# #รท...........> ...
.....####.........#### ...
........#.........## ...
...................## ###.
.....##.............# ##...
....<####...........####?.#
.[)..# #......[.gK....#.# #
.[<..# ##........o#......###.#
.)..####........@.##..o..#...#
...####..#.......###.(...).#
..#.....###.<...####.#(....#
#...#####
########...#o#.#....# #..##
##.###.#.##..... ...# ####..#
#o#.# .#...# ##..####
###....## #.#.. ####.# ##....#
#...#### ..... # ###.# #.###
o.##..


You could see an orc warrior, a goblin and a kobold.

Vanquished Creatures
  An orc priest (D:3)
  A gnoll (D:1)
  7 adders
  2 oozes (D:1)
  5 worms
  4 dart slugs
  A leopard gecko (D:2)
  12 orcs
  2 ball pythons
  A bat (D:1)
  5 giant cockroaches
  8 goblins
  4 hobgoblins
  4 jackals (D:2)
  6 kobolds
  2 quokkas
  3 frilled lizards
  5 rats
73 creatures vanquished.

Notes
Turn   | Place    | Note
-------+----------+-------------------------------------------
     0 | D:1      | kae the Draconian Transmuter began the quest for the Orb.
     0 | D:1      | Reached XP level 1. HP: 16/16 MP: 3/3
    93 | D:1      | Reached XP level 2. HP: 9/23 MP: 3/5
   548 | D:1      | Reached XP level 3. HP: 22/28 MP: 4/6
  1255 | D:2      | Reached skill level 4 in Unarmed Combat
  1272 | D:2      | Learned a level 2 spell: Sticks to Snakes
  1276 | D:2      | Learned a level 3 spell: Spider Form
  1488 | D:2      | Reached XP level 4. HP: 32/35 MP: 5/7
  2473 | D:3      | Reached XP level 5. HP: 33/40 MP: 3/9
  3138 | D:3      | Noticed an orc warrior
  3152 | D:3      | Slain by an orc warrior

Levels and vault maps discovered:
D:1:      lightli_iron_boxes, layout_basic
D:2:      layout_basic
D:3:      layout_rooms

Skill      XL: |  1  2  3  4  5 |
---------------+----------------+-----
Unarmed Combat | 4 |  4.9
Transmutations | 3 |  3.4
Spellcasting   | 3 |  3.1
Fighting       | |  1.1
Dodging        | |  1.7

Action                   |  1- 3 |  4- 6 || total
-------------------------+-------+-------++-------
Melee: Unarmed           |   127 |   109 ||   236
       Tailslap          |    11 |       ||    11
       Headbutt          |     5 |       ||     5
       Punch             |     2 |       ||     2
       Kick              |     4 |     1 ||     5
 Cast: Beastly Appendage |    14 |       ||    14
       Spider Form       |       |    17 ||    17
  Use: Scroll            |     2 |     3 ||     5
       Potion            |       |     3 ||     3
 Stab: Sleeping          |       |     2 ||     2
  Eat: Chunk             |     2 |     8 ||    10
Armor: Skin              |    29 |    15 ||    44
Dodge: Dodged            |    80 |    85 ||   165

Table legend:
 A = Non-vault XP
 B = Vault XP
 C = Vault XP percentage of total XP
 D = Non-vault monster count
 E = Vault monster count
 F = Vault count percentage of total count
                 A         B        C        D         E       F
            +---------+---------+-------+---------+---------+-------
      Total |     308 |       0 |   0.0 |      73 |       0 |   0.0
            +---------+---------+-------+---------+---------+-------
        D:1 |      65 |       0 |   0.0 |      21 |       0 |   0.0
        D:2 |     106 |       0 |   0.0 |      31 |       0 |   0.0
        D:3 |     137 |       0 |   0.0 |      21 |       0 |   0.0
            +---------+---------+-------+---------+---------+-------
